 Dungeon Crawl Stone Soup version 0.18-a0-1774-gce1f7b6 (webtiles) character file.

146 M4edhros the Insei (level 5, -5/41 HPs)
             Began as a Mummy Monk on Apr 15, 2016.
             Slain by a river rat (10 damage)
             ... in a sewer.
             The game lasted 00:03:37 (2879 turns).

M4edhros the Insei (Mummy Monk)                     Turns: 2879, Time: 00:03:38

Health: -5/41      AC:  3    Str: 14    XL:     5   Next: 7%
Magic:  5/5        EV: 12    Int: 10    God:
Gold:   137        SH:  3    Dex: 15    Spells: 0 memorised, 4 levels left

rFire  x . .     SeeInvis .       - Unarmed
rCold  + + .     Gourm    .     (no armour)
rNeg   + + +     Faith    .     g - +0 buckler
rPois  ∞         Spirit   .     k - +2 hat
rElec  .         Dismiss  .     (no cloak)
rCorr  .         Reflect  .     (no gloves)
SustAt .         Harm     .     o - +0 pair of boots
MR     .....                    (no amulet)
Stlth  ++........               (no ring)
                                h - ring of protection from cold

@: not resistant to hostile enchantments, unstealthy
A: no food or potions, fire vulnerability, cold resistance 1, negative energy
resistance 3, torment resistance, unbreathing
a: no special abilities


You were in a sewer.
You were not hungry.

You visited 1 branch of the dungeon, and saw 3 of its levels.
You also visited: Sewer.

You collected 137 gold pieces.

Inventory:

Armour
 g - a +0 buckler (worn)
 k - a +2 hat (worn)
 o - a +0 pair of boots (worn)
Jewellery
 h - a ring of protection from cold (left hand)
Scrolls
 a - a scroll of recharging {unknown}
 b - a scroll of noise {unknown}
 c - a scroll of amnesia {unknown}
 f - 2 scrolls of enchant weapon
 i - 2 scrolls of remove curse
 j - 3 scrolls of magic mapping
 m - a scroll of immolation
 n - a scroll of teleportation
Potions
 d - a potion of flight (quivered) {unknown}
Books
 l - a book of Enchantments

   Spells                             Type                      Level
   a - Cause Fear                     Hexes                        4
   b - Yara's Violent Unravelling     Hexes/Transmutation          5
   c - Silence                        Hexes/Air                    5
   d - Deflect Missiles               Charms/Air                   6
   e - Haste                          Charms                       6
   f - Discord                        Hexes                        8


   Skills:
 - Level 3.1 Fighting
 - Level 2.5 Dodging
 - Level 1.5 Stealth
 + Level 5.1 Unarmed Combat


You had 4 spell levels left.
You didn't know any spells.

Dungeon Overview and Level Annotations

Branches:
Dungeon (3/15)

Altars:

Annotations:
D:3 1 exclusion


Innate Abilities, Weirdness & Mutations

You do not eat or drink.
Your flesh is vulnerable to fire.
You are immune to poison.
Your flesh is cold resistant.
You are immune to negative energy.
You are immune to unholy pain and torment.
You can survive without breathing.


Message History

The river rat is moderately wounded.
The river rat bites you!
* * * LOW HITPOINT WARNING * * *
You closely miss the river rat.
The river rat is moderately wounded.
The river rat closely misses you.
You hit the river rat but do no damage.
The river rat is moderately wounded.
The river rat barely misses you.
You closely miss the river rat.
The river rat is moderately wounded.
The river rat misses you.
You hit the river rat but do no damage.
The river rat is moderately wounded.
The river rat bites you.
* * * LOW HITPOINT WARNING * * *
You closely miss the river rat.
The river rat is moderately wounded.
The river rat bites you!
You die...

##### ##### ##..∩# ## ###
#@rr#####..######. ##...##
###r..##..#####.÷.
....r..#####.......##.....
.........##........÷......
.........rr........÷......
≈≈≈≈≈.....................
≈≈≈≈≈≈≈≈≈≈≈≈≈≈≈........≈≈≈
≈≈≈≈≈≈≈≈≈≈≈≈≈≈≈≈.....≈≈≈≈≈
≈≈≈≈≈≈≈≈≈≈≈≈≈≈≈≈≈≈≈≈≈≈≈≈≈≈


You could see a river rat and 2 rats.

Vanquished Creatures
  A big kobold (Sewer)
  2 adders (D:2)
  A worm (D:2)
  A dart slug (D:2)
  3 giant geckos
  An orc (D:2)
  4 bats
  5 giant cockroaches
  6 hobgoblins
  3 giant newts (D:2)
  5 goblins
  8 kobolds
  10 rats
50 creatures vanquished.

Notes
Turn   | Place    | Note
--------------------------------------------------------------
     0 | D:1      | M4edhros the Mummy Monk began the quest for the Orb.
     0 | D:1      | Reached XP level 1. HP: 18/18 MP: 1/1
   464 | D:1      | Reached XP level 2. HP: 24/24 MP: 2/2
  1434 | D:2      | Reached XP level 3. HP: 12/29 MP: 3/3
  1757 | D:2      | Reached skill level 4 in Unarmed Combat
  2381 | D:3      | Found a glowing drain.
  2394 | D:3      | Reached XP level 4. HP: 28/35 MP: 4/4
  2418 | Sewer    | Entered a sewer
  2544 | Sewer    | Noticed a big kobold
  2577 | Sewer    | Killed a big kobold
  2577 | Sewer    | Reached skill level 5 in Unarmed Combat
  2577 | Sewer    | Reached XP level 5. HP: 11/41 MP: 5/5
  2879 | Sewer    | Slain by a river rat

Vault maps used:
D:1:      scummos_arrival_simple_fountains
D:2:      kennysheep_potato
D:3:      gammafunk_temple_overflow_forgotten, portal_sewer_entry_f,
          uniq_crazy_yiuf_cottage
Sewer:    sewer_minmay_treatment

Skill      XL: |  1  2  3  4 |
---------------+-------------+-----
Unarmed Combat | 4 5 |  5.1
Fighting       | |  3.1
Dodging        | |  2.5
Stealth        | |  1.5

Action                   |  1- 3 |  4- 6 || total
-------------------------+-------+-------++-------
Melee: Unarmed           |   146 |    76 ||   222
  Use: Scroll            |       |     5 ||     5
 Stab: Sleeping          |     5 |       ||     5
Armor: Skin              |    10 |    10 ||    20
Dodge: Dodged            |    57 |    31 ||    88
Block: Buckler           |    27 |     6 ||    33
